 Dungeon Sprint DCSS version 0.23-a0-79-gaa8cc03 (webtiles) character file.

31 Kidiri the Magician (level 3, -1/19 HPs)
             Began as a Deep Elf Fire Elementalist on Aug 12, 2018.
             Slain by a human (4 damage)
             ... in the Dungeon (Sprint III: "The Ten Rune Challenge").
             The game lasted 00:02:34 (313 turns).

Kidiri the Magician (Deep Elf Fire Elementalist)     Turns: 313, Time: 00:02:35

Health: -1/19      AC:  2    Str:  5    XL:     3   Next: 7%
Magic:  0/12       EV: 13    Int: 20    God:
Gold:   26         SH:  0    Dex: 15    Spells: 5/14 levels left

rFire    . . .     SeeInvis .   (no weapon)
rCold    . . .     Gourm    .   (no shield)
rNeg     . . .     Faith    .   a - +0 robe
rPois    .         Spirit   .   (no helmet)
rElec    .         Reflect  .   (no cloak)
rCorr    .         Harm     .   (no gloves)
MR       .....     NoTele   +   (no boots)
Stlth    ++........             (no amulet)
HPRegen  0.06/turn              (no ring)
MPRegen  0.13/turn              (no ring)

@: no status effects
A: mutation resistance 1
a: no special abilities


You were in the Dungeon.
You were not hungry.

You visited 1 branch You collected 26 gold pieces.

Inventory:

Armour
 a - a +0 robe (worn)
Scrolls
 i - a scroll of blinking
 k - a scroll of immolation
 l - a scroll of identify
 m - a scroll of remove curse
 o - a scroll of holy word
Potions
 f - a potion of haste
 g - 2 potions of magic
 h - a potion of berserk rage
 n - 4 potions of flight
Comestibles
 c - 4 rations


   Skills:
 - Level 2.4 Dodging
 - Level 2.4 Stealth
 * Level 6.4 Spellcasting
 + Level 3.3 Conjurations
 + Level 4.7 Fire Magic


You had 5 spell levels left.
You knew the following spells:

 Your Spells              Type           Power        Failure   Level  Hunger
a - Flame Tongue          Conj/Fire      ###..        1%          1    None
b - Throw Flame           Conj/Fire      ###...       3%          2    None
c - Conjure Flame         Conj/Fire      ###.....     6%          3    ##.....
d - Inner Flame           Hex/Fire       ###.....     12%         3    ##.....

Your spell library contained the following spells:

 Spells                   Type           Power        Failure   Level  Hunger
 Fireball                 Conj/Fire      ###.......   47%         5    #####..
 Sticky Flame             Conj/Fire      ###.....     19%         4    ####...


Dungeon Overview and Level Annotations

Branches:
Dungeon (1/1)

Altars:


Innate Abilities, Weirdness & Mutations

You are somewhat resistant to further mutation.


Message History

The human is almost dead.
The human barely misses you.
You hit the human but do no damage.
The human is almost dead.
The human closely misses you.
You hit the human.
The human is almost dead.
The human hits you.
Unknown command.
You hit the human but do no damage.
The human is almost dead.
The human barely misses you.
You hit the human but do no damage.
The human is almost dead.
The human hits you!
* * * LOW HITPOINT WARNING * * *
You barely miss the human.
The human is almost dead.
The human hits you.
You die...

▓▓▓▓▓▓▓▓▓▓▓▓▓
▓<@#..+.....♣
▓.p#..#....♣♣♣
▓#'####......♣
▓.....#....≈.♣♣
▓.....#...≈≈♣..
▓....[#..≈≈≈≈♣♣♣
▓####'#..≈≈≈≈≈≈♣
▓.....#.≈≈≈≈≈≈..
▓..p[.#.≈≈≈≈≈...


You could see a human.

Vanquished Creatures
  Jessica (D)
  A phantom (D)
  3 rats (D)
5 creatures vanquished.

Vanquished Creatures (others)
  2 draconian scorchers (D)
  6 hellions (D)
  2 yaktaurs (D)
10 creatures vanquished.

Grand Total: 15 creatures vanquished

Notes
Turn   | Place    | Note
-------+----------+-------------------------------------------
     0 | D        | Kidiri the Deep Elf Fire Elementalist began the quest for the Orb.
     0 | D        | Reached XP level 1. HP: 10/10 MP: 6/6
    32 | D        | Noticed Jessica
    33 | D        | Killed Jessica
    33 | D        | Reached skill level 6 in Spellcasting
    33 | D        | Reached XP level 2. HP: 15/15 MP: 7/11
    40 | D        | Learned a level 2 spell: Throw Flame
    41 | D        | Killed a yaktaur
    77 | D        | Killed a hellion
    87 | D        | Killed a hellion
    88 | D        | Killed a hellion
    89 | D        | Killed a hellion
    91 | D        | Reached XP level 3. HP: 9/19 MP: 8/12
    96 | D        | Learned a level 3 spell: Conjure Flame
   100 | D        | Learned a level 3 spell: Inner Flame
   117 | D        | Gained mutation: You are weak. (Str -2) [potion of mutation]
   117 | D        | Gained mutation: You are clumsy. (Dex -2) [potion of mutation]
   117 | D        | Gained mutation: You expend magic power (3 MP) to strengthen your wands. [potion of mutation]
   117 | D        | Gained mutation: You are partially covered in icy blue scales. (AC +2) [potion of mutation]
   118 | D        | Lost mutation: You expend magic power (3 MP) to strengthen your wands. [potion of mutation]
   118 | D        | Lost mutation: You are partially covered in icy blue scales. (AC +2) [potion of mutation]
   118 | D        | Lost mutation: You are clumsy. (Dex -2) [potion of mutation]
   118 | D        | Lost mutation: You are weak. (Str -2) [potion of mutation]
   118 | D        | Gained mutation: You tend to lose your temper in combat. [potion of mutation]
   118 | D        | Gained mutation: You are dopey. (Int -2) [potion of mutation]
   118 | D        | Gained mutation: You are agile. (Dex +2) [potion of mutation]
   118 | D        | Lost mutation: You are dopey. (Int -2) [potion of mutation]
   119 | D        | Lost mutation: You tend to lose your temper in combat. [potion of mutation]
   119 | D        | Lost mutation: You are agile. (Dex +2) [potion of mutation]
   119 | D        | Gained mutation: You are somewhat resistant to further mutation. [potion of mutation]
   123 | D        | Killed a hellion
   123 | D        | Killed a hellion
   236 | D        | Killed a white draconian scorcher
   241 | D        | Killed a yaktaur
   246 | D        | Killed a white draconian scorcher
   313 | D        | Slain by a human

Vault maps used:
D:        dungeon_sprint_mu

Skill      XL: |  1 |
---------------+----+-----
Spellcasting   | 6 |  6.4
Conjurations   | 3 |  3.3
Fire Magic     | 4 |  4.7
Dodging        | |  2.4
Stealth        | |  2.4

Action                   || total
-------------------------++-------
Melee: Unarmed           ||    13
 Cast: Flame Tongue      ||    18
       Throw Flame       ||     2
       Conjure Flame     ||     1
  Use: Potion            ||     5
       Scroll            ||     3
Armor: Robe              ||     1
Dodge: Dodged            ||     9

Table legend:
 A = Non-vault XP
 B = Vault XP
 C = Vault XP percentage of total XP
 D = Non-vault monster count
 E = Vault monster count
 F = Vault count percentage of total count
 G = Total turns spent on level
                 A         B        C        D         E       F
            +---------+---------+-------+---------+---------+-------
      Total |       0 |      45 | 100.0 |       0 |       5 | 100.0
            +---------+---------+-------+---------+---------+-------
          D |       0 |      45 | 100.0 |       0 |       5 | 100.0
            +---------+---------+-------+---------+---------+-------
